Map: Coda LE

Players

Gracz

  • Race: Zerg Zerg
  • League: Bronze
  • Spawn Location: 5:00

HAJPER - Winner!

  • Race: Terran Terran
  • Spawn Location: 11:00

VOD

Have the link to the VOD?

Description

Time

  • Played on: Sept. 17, 2016, 4:27 p.m.
  • Length: 11:17
Show
View Real Time Build Order
Export as new Build Order

Gracz Zerg 

Build Orders: Pool First 

Get SALT Encoding   

  12  0:01  Drone  
  13  0:10  Drone  
  14  0:19  Extractor  
  14  0:20  Drone  
  14  0:24  Overlord  
  15  0:46  Spawning Pool  
  15  0:47  Drone x2  
  16  0:56  Drone  
  17  0:57  Extractor  
  16  1:05  Drone  
  17  1:27  Hatchery  
  17  1:31  Drone x2  
  18  1:41  Zergling x2  
  18  1:45  Queen  
  21  1:55  Roach Warren  
  21  1:56  Drone  
  21  2:20  Zergling x2  
  21  2:21  Overlord  
  22  2:39  Queen x2  
  26  2:47  Drone x4  
  30  2:51  Extractor  
  29  2:58  Drone  
  29  2:59  Drone x2  
  32  3:07  Roach  
  34  3:28  Queen  
  36  3:35  Overlord x2  
  36  4:04  Queen  
  38  4:21  Zergling x2  
  38  4:22  Zergling x22  
  50  4:36  Drone  
  50  4:37  Drone  
  52  5:31  Evolution Chamber x2  
  52  5:34  Zergling x4  
  52  5:35  Overlord x4  
  25  6:09  Drone x3  
  25  6:10  Zergling x2  
  29  6:15  Queen  
  5  6:58  Queen  
  4  7:05  Spine Crawler  
  4  7:07  Zergling x2  
  4  7:08  Zergling x10  
    7:59  Roach x3  
  4  8:38  Roach  
  4  8:39  Roach x2  
  10  8:50  Drone  
  11  9:05  Drone  
  12  9:26  Drone x2  
  12  9:27  Spawning Pool  
  13  9:37  Drone  
  14  10:02  Roach  
  4  10:54  Spine Crawler  
  3  11:01  Spine Crawler  
Show
View Real Time Build Order
Export as new Build Order

HAJPER Terran - Winner!

Build Orders:  

Get SALT Encoding   

  12  0:01  SCV  
  13  0:13  SCV  
  14  0:20  Supply Depot  
  14  0:30  SCV  
  15  0:42  Barracks, SCV  
  16  0:55  Refinery, SCV  
  17  1:08  SCV  
  18  1:29  Orbital Command  
  18  1:31  Marine  
  19  1:41  Supply Depot  
  19  1:50  Barracks  
  19  1:51  Barracks Reactor  
  19  1:53  Bunker  
  19  2:15  Barracks  
  19  2:27  Marine x2  
  21  2:37  Barracks Tech Lab  
  21  2:45  Marine x2  
  21  2:46  Refinery  
  23  2:55  Command Center  
  23  3:01  Stimpack  
  23  3:03  Marine x2  
  25  3:07  Barracks Tech Lab  
  25  3:12  SCV  
  28  3:27  Marauder  
  28  3:35  SCV  
  29  3:46  Marine x2  
  29  3:47  SCV  
  34  3:48  Marauder  
  34  3:53  Marauder  
  36  4:07  SCV  
  37  4:10  Marine  
  37  4:11  Marine  
  39  4:17  Marine  
  39  4:19  SCV  
  39  4:20  Marine  
  43  4:31  SCV  
  43  4:35  Marine  
  44  4:43  SCV  
  44  4:45  Marine, Marauder  
  47  4:46  Marine  
  49  4:53  Marauder  
  49  4:55  SCV  
  52  5:03  Marine  
  53  5:09  Factory  
  53  5:22  Supply Depot  
  53  5:23  Marauder  
  53  5:24  Supply Depot  
  53  5:25  Marine x3  
  54  5:42  Marine  
  47  6:05  Marine  
  47  6:06  Marine x3  
  51  6:23  Marine x2  
  51  6:24  Marine x2  
  52  6:41  Marine x3  
  42  7:36  Marauder x2  
  41  7:38  Marine x2  
  40  7:55  Marine  
  40  7:56  Marine  
  40  7:58  Marauder x2  
  45  8:13  Marine x2  
  45  8:19  Marauder x2  
  46  8:31  Marine x2  
  46  8:38  Starport  
  46  8:40  Marauder  
  46  8:41  Marauder  
  50  8:43  SCV  
  51  8:49  Marine x2  
  53  8:56  SCV  
  53  8:57  Factory Tech Lab  
  53  9:02  Marauder x2  
  58  9:07  Marine x2  
  58  9:08  SCV  
  61  9:18  Siege Tank  
  61  9:20  SCV  
  61  9:21  Medivac  
  61  9:23  Marine x2  
  69  9:24  Marine  
  69  9:25  Marine  
  71  9:32  SCV  
  72  9:41  Marauder x2  
  72  9:42  Marine x2  
  78  9:50  Siege Tank  
  81  10:00  Marine x2  
  81  10:02  Marauder  
  81  10:03  Marauder  
  87  10:18  Marine x2  
  89  10:22  Siege Tank  
  89  10:23  Reaper  
  89  10:24  Reaper  
Tags
 
Add a new tag
Caveats
  • Supply blocks, unpowered buildings, or Contaminate may cause inaccurate times.
  • Supply counts are checked every 10 seconds.